 Dungeon Crawl Stone Soup version 0.30.0 (webtiles) character file.

Game seed: 12440136309772814793

151 Esekla the Stinger (level 5, -8/41 HPs)
             Began as a Formicid Wanderer on May 7, 2023.
             Mangled by a gnoll
             ... wielding a +0 flail
              (11 damage)
             ... on level 3 of the Dungeon.
             The game lasted 00:10:00 (2147 turns).

Esekla the Stinger (Formicid Wanderer)              Turns: 2147, Time: 00:10:01

Health: -8/41      AC:  3    Str: 16    XL:     5   Next: 59%
Magic:  4/9        EV: 11    Int: 12    God:
Gold:   208        SH:  0    Dex: 21    Spells: 5/9 levels left

rFire   . . .        s - +2 dagger (venom)
rCold   . . .        (no shield)
rNeg    . . .        c - +0 leather armour
rPois   .            (helmet unavailable)
rElec   .            (no cloak)
rCorr   .            (no gloves)
SInv    +            (no boots)
Will    .....        (no amulet)
Stlth   ++           p - +6 ring of dexterity
HPRegen 0.26/turn    (no ring)
MPRegen 0.11/turn

%: no passive effects
@: no status effects
A: permanent stasis, dig shafts and tunnels, antennae 3, four strong arms
a: Dig, Shaft Self


You were on level 3 of the Dungeon.
You visited 1 branch of the dungeon, and saw 3 of its levels.

You collected 208 gold pieces.

Inventory:

Hand Weapons
 a - a +1 quarterstaff
 j - a +0 dagger
 r - a +1 long sword of holy wrath
 s - a +2 dagger of venom (weapon)
 u - a +0 spear
Missiles
 o - 5 javelins (quivered)
Armour
 c - a +0 leather armour (worn)
Jewellery
 p - a +6 ring of dexterity (left hand)
Scrolls
 d - 2 scrolls of identify {unknown}
 f - 2 scrolls of acquirement {unknown}
 k - a scroll of brand weapon {unknown}
 l - a scroll of enchant armour {unknown}
 n - a scroll of vulnerability {unknown}
Potions
 b - a potion of invisibility
 e - a potion of lignification {unknown}
 g - a potion of curing {unknown}
 h - 3 potions of brilliance {unknown}
 i - 2 potions of mutation {unknown}
 m - 2 potions of resistance {unknown}
 q - a potion of might {unknown}
 t - 2 potions of degeneration {unknown}
 v - a potion of berserk rage {unknown}


   Skills:
 * Level 3.2 Fighting
 * Level 0.7 Long Blades
 + Level 2.6 Staves
 + Level 1.0 Throwing
 + Level 1.1 Armour
 + Level 1.0 Dodging
 * Level 2.9 Spellcasting
 * Level 0.8 Conjurations
 + Level 0.7 Transmutations
 * Level 0.8 Air Magic
 + Level 4.2 Poison Magic


You had 5 spell levels left.
You knew the following spells:

 Your Spells              Type           Power      Damage    Failure   Level
a - Sting                 Tmut/Pois      28%        1d4       11%         1
c - Mephitic Cloud        Conj/Pois/Air  6%         N/A       38%         3

Your spell library contained the following spells:

 Spells                   Type           Power      Damage    Failure   Level
 Spider Form              Tmut/Pois      7%         N/A       32%         3


Dungeon Overview and Level Annotations

Branches:
Dungeon (3/15)

Altars:
Okawaru
Ru


Innate Abilities, Weirdness & Mutations

You cannot be hasted, slowed, berserked, paralysed or teleported.
You can dig through walls and to a lower floor.
You have a pair of large antennae on your head. (SInv)
Your four strong arms can wield two-handed weapons with a shield.


Message History

The gnoll is engulfed in noxious fumes.
The gnoll appears confused.
The gnoll is engulfed in noxious fumes.
The gnoll appears confused.
Casting: Mephitic Cloud (quite dangerous; 38% risk of failure)
Confirm with . or Enter, or press ? or * to list all spells.
Aiming: Sting (safe; 13% risk of failure)
Press: ? - help, Shift-Dir - straight line, f/p - gnoll
Aim: a gnoll, wielding a +0 flail (noxious fumes, confused, 93% to hit)
Okay, then.
Throw: 6 javelins
Press: ? - help, Q - select action, (/) - cycle Shift-Dir - straight line, f/p - gnoll
Aim: a gnoll, wielding a +0 flail (noxious fumes, confused, 83% to hit)
You throw a javelin. The javelin pierces through the gnoll.
The gnoll is lightly wounded.
The javelin pierces through the gnoll.
The gnoll is lightly wounded.
The gnoll is engulfed in noxious fumes.
The gnoll appears confused.
The gnoll misses you.
You barely miss the gnoll.
The gnoll is lightly wounded.
The gnoll completely misses the bat.
A rat comes into view.
The gnoll hits you with a +0 flail!
You hit the gnoll but do no damage.
The gnoll is poisoned.
The gnoll is lightly wounded.
The gnoll hits the bat with a +0 flail.
The bat is killed!
The gnoll closely misses you.
You hit the gnoll but do no damage.
The gnoll looks even sicker.
The gnoll is lightly wounded.
The gnoll hits you with a +0 flail!
The gnoll hits itself with a +1 whip of freezing.
The gnoll is killed!
You hit the gnoll but do no damage.
The gnoll looks as sick as possible!
The gnoll is lightly wounded.
The gnoll hits you with a +0 flail! The gnoll completely misses you.
The gnoll attacks as you move away! The gnoll hits you with a +0 flail!
* * * LOW HITPOINT WARNING * * *
The gnoll attacks as you move away! The gnoll hits you with a +0 flail!
You die...

[..⌠.## { ......#
..... #... #..# #..#
#########
###..###........
#.####.r†.....#######
#...@g.######..#
######)# #..# ## .†#
##..# #. .).. {#...#
#. #...## ##..# #.
..{.# #..######
###..# {#..#.....
#.(# ##..#.####
#...#.#...


You could see a gnoll (extremely poisoned) and a rat.

Vanquished Creatures
  A jelly (D:2)
  An orc wizard (D:3)
  3 adders
  2 gnolls (D:3)
  A worm (D:2)
  A dart slug (D:1)
  3 orcs (D:3)
  3 ball pythons
  An endoplasm (D:1)
  3 giant cockroaches (D:1)
  5 hobgoblins
  2 jackals (D:1)
  A quokka (D:1)
  4 bats
  3 frilled lizards
  5 goblins
  4 kobolds
  2 rats
45 creatures vanquished.

Notes
Turn   | Place    | Note
-------+----------+-------------------------------------------
     0 | D:1      | Esekla the Formicid Wanderer began the quest for the Orb.
     0 | D:1      | Esekla set off with the following items: a +1 quarterstaff,
                  | a potion of invisibility, a +0 leather armour; and the
                  | following spell memorised: Sting; and the following spells
                  | available to memorise: Spider Form, Mephitic Cloud.
     0 | D:1      | Reached XP level 1. HP: 16/16 MP: 3/3
   132 | D:1      | Reached XP level 2. HP: 17/22 MP: 5/5
   428 | D:1      | Reached XP level 3. HP: 27/28 MP: 6/6
   435 | D:1      | Learned a level 3 spell: Mephitic Cloud
  1483 | D:2      | Reached XP level 4. HP: 34/34 MP: 5/7
  1614 | D:2      | Found an iron altar of Okawaru.
  2028 | D:3      | Found a sacrificial altar of Ru.
  2038 | D:3      | Reached skill level 1 in Armour
  2038 | D:3      | Reached XP level 5. HP: 38/41 MP: 7/9
  2147 | D:3      | Mangled by a gnoll

Illustrated notes

Levels and vault maps discovered:
D:1:      dpeg_arrival_signposts, layout_basic, hex_intersection,
          dreamdust_wishing_well, amcnicky_mini_rare_corridor_liquid
D:2:      layout_basic, basic_altar
D:3:      layout_loops_ring, nicolae_overflow_ecumenical_swirl,
          nicolae_ru_sacrificial_ziggurat, gup_sewer_entry_bowl

Skill      XL: |  1  2  3  4 |
---------------+-------------+-----
Fighting       | 3 |  3.2
Staves         | 2 |  2.6
Armour         | 1 |  1.1
Long Blades    | |  0.7
Throwing       | |  1.0
Dodging        | |  1.0
Spellcasting   | |  2.9
Conjurations   | |  0.8
Transmutations | |  0.7
Air Magic      | |  0.8
Poison Magic   | |  4.2

Action                     |  1- 3 |  4- 6 || total
---------------------------+-------+-------++-------
  Melee: Quarterstaff      |    65 |    14 ||    79
         Dagger            |       |    17 ||    17
         Punch             |       |     1 ||     1
  Throw: Javelin           |       |     6 ||     6
   Cast: Sting             |     8 |     2 ||    10
         Mephitic Cloud    |       |     2 ||     2
 Armour: Leather armour    |    22 |     3 ||    25
  Dodge: Dodged            |    48 |    14 ||    62
